 Dungeon Crawl Stone Soup version 0.31-a0-609-g7bf6ffcfed (webtiles) character file.

Game seed: 123215801336482811

4124 Midn8 the Skirmisher (level 10, -7/80 (88) HPs)
             Began as a Naga Hexslinger on Aug 21, 2023.
             Was a Believer of Makhleb.
             Mangled by a wight
             ... wielding a +2 trident
              (10 damage)
             ... on level 8 of the Dungeon.
             The game lasted 00:29:08 (7086 turns).

Midn8 the Skirmisher (Naga Hexslinger)              Turns: 7086, Time: 00:29:08

HP:   -7/80 (88)    AC:  6    Str: 11    XL:     10   Next: 27%
MP:   14/14         EV:  9    Int: 20    God:    Makhleb [**....]
Gold: 456           SH:  0    Dex: 17    Spells: 10/15 levels left

rFire   + . .        q - +2 shortbow (freeze)
rCold   + . .        (shield currently unavailable)
rNeg    . . .        x - +0 acid dragon scales
rPois   +            (no helmet)
rElec   .            r - scarf {rC+ rF+}
rCorr   +            (no gloves)
SInv    +            (no barding)
Will    ++...        (no amulet)
Stlth   ++           e - +6 ring of intelligence
HPRegen 0.33/turn    h - ring of willpower
MPRegen 0.14/turn

%: no passive effects
@: drained, very slow
A: AC +3, large, see invisible, deformed body, poison resistance, slowness 2,
spit poison 1, naga tail 1
a: Spit Poison, Renounce Religion, Minor Destruction


You were on level 8 of the Dungeon.
You worshipped Makhleb.
Makhleb was pleased with you.
You visited 1 branch of the dungeon, and saw 8 of its levels.

You collected 456 gold pieces.

Inventory:

Hand Weapons
 a - a +1 sling
 q - a +2 shortbow of freezing (weapon)
 v - a +0 orcbow
Missiles
 f - 16 poisoned darts
 D - 2 curare-tipped darts
Armour
 c - a +0 robe
 r - a scarf of resistance (worn)
 w - the +1 leather armour of Juxo {rN+ SInv}
   (You found it on level 6 of the Dungeon)

   rN+:       It protects you from negative energy.
   SInv:      It lets you see invisible.
 x - +0 acid dragon scales (worn)
 z - a scarf of harm
Jewellery
 e - a +6 ring of intelligence (left hand)
 h - a ring of willpower (right hand)
 s - an amulet of guardian spirit
 E - a ring of wizardry
Wands
 k - a wand of paralysis (4)
Scrolls
 b - a scroll of revelation {unknown}
 d - a scroll of teleportation
 i - a scroll of enchant armour
 j - 2 scrolls of amnesia
 l - a scroll of immolation
 m - a scroll of noise {unknown}
 u - a scroll of enchant weapon {unknown}
 y - a scroll of fear {unknown}
 C - a scroll of fog {unknown}
Potions
 g - 4 potions of heal wounds
 n - 2 potions of cancellation {unknown}
 o - a potion of curing {unknown}
 p - 2 potions of lignification
 t - 2 potions of brilliance
 A - a potion of might {unknown}
 B - a potion of degeneration {unknown}


   Skills:
 - Level 5.2 Fighting
 - Level 10.0 Ranged Weapons
 - Level 1.5 Dodging
 - Level 4.0 Stealth
 - Level 3.0 Spellcasting
 - Level 8.0 Hexes
 + Level 0.7 Invocations


You had 10 spell levels left.
You knew the following spells:

 Your Spells              Type           Power      Damage    Failure   Level
a - Slow                  Hex            100%       N/A       1%          1
f - Cause Fear            Hex            17%        N/A       9%          4

Your spell library contained the following spells:

 Spells                   Type           Power      Damage    Failure   Level
 Dazzling Flash           Conj/Hex       38%        N/A       13%         3
 Inner Flame              Hex/Fire       19%        N/A       13%         3
 Portal Projectile        Hex/Tloc       38%        N/A       13%         3
 Summon Guardian Golem    Hex/Summ       19%        N/A       13%         3
 Anguish                  Hex/Necr       9%         N/A       38%         4
 Stone Arrow              Conj/Erth      6%         3d7       54%         3
 Vhi's Electric Charge    Tloc/Air       6%         N/A       54%         3
 Volatile Blastmotes      Fire/Tloc      6%         2d10      54%         3
 Yara's Violent Unravell  Hex/Tmut       9%         3d6       75%         5
 Animate Armour           Summ/Erth      6%         N/A       91%         4
 Animate Dead             Necr           3%         N/A       91%         4
 Arcjolt                  Conj/Air       1%         1d11      99%         5
 Plasma Beam              Fire/Air       1%         2x1d11    100%        6
 Starburst                Conj/Fire      1%         6d3       100%        6
 Haunt                    Necr/Summ      1%         N/A       100%        7
 Orb of Destruction       Conj           1%         9d5       100%        7
 Spellforged Servitor     Conj/Summ      1%         N/A       100%        7
 Infestation              Necr           1%         N/A       100%        8
 Lehudib's Crystal Spear  Conj/Erth      1%         10d2      100%        8
 Maxwell's Capacitive Co  Air            1%         ∞         100%        8


Dungeon Overview and Level Annotations

Branches:
Dungeon (8/15)             Temple (0/1) D:6
   Lair: D:8-11

Altars:
Cheibriados
Fedhas
Gozag
Kikubaaqudgha
Makhleb
Qazlal
Vehumet
Xom

Shops:
D:4 (   D:7 :

Annotations:
D:4 exclusion: phantom


Innate Abilities, Weirdness & Mutations

Your serpentine skin is tough. (AC +3)
You have supernaturally acute eyesight. (SInv)
Armour fits poorly on your strangely shaped body.
Your system is resistant to poisons. (rPois)
You cover ground very slowly.
You can spit poison.
You have a snake-like lower body.


Message History

You shoot an arrow.
The arrow hits the wight but does no damage.
The wight is heavily damaged.
The wight hits you with a +0 scimitar!
The wight hits you from afar with a +2 trident.
You shoot an arrow.
The arrow hits the wight but does no damage.
The wight is heavily damaged.
The wight hits you with a +0 scimitar! The wight barely misses you.
You are too injured to fight recklessly!
Okay, then.
Okay, then.
Okay, then.
Aiming: Paralyse
Press: ? - help, Shift-Dir - straight line, f/p - wight
Aim: a wight, wielding a +0 scimitar and wearing a +0 robe (heavily damaged, chance to affect: 49%)
The wight resists with some effort.
The wight closely misses you. The wight barely misses you.
Unknown command.
Aiming: Paralyse
Press: ? - help, Shift-Dir - straight line, f/p - wight
Aim: a wight, wielding a +0 scimitar and wearing a +0 robe (heavily damaged, chance to affect: 49%)
The wight resists with some effort.
The wight hits you with a +0 scimitar!
The wight hits you from afar with a +2 trident!
* * * LOW HITPOINT WARNING * * *
Aiming: Paralyse
Press: ? - help, Shift-Dir - straight line, f/p - wight
Aim: a wight, wielding a +0 scimitar and wearing a +0 robe (heavily damaged, chance to affect: 49%)
The wight resists with some effort.
The wight hits you with a +0 scimitar.
* * * LOW HITPOINT WARNING * * *
The wight hits you but does no damage.
Aiming: Paralyse
Press: ? - help, Shift-Dir - straight line, f/p - wight
Aim: a wight, wielding a +0 scimitar and wearing a +0 robe (heavily damaged, chance to affect: 49%)
The wight resists with some effort.
The wight hits you with a +0 scimitar!
* * * LOW HITPOINT WARNING * * *
You feel drained.
* * * LOW HITPOINT WARNING * * *
The wight hits you from afar with a +2 trident!
You die...

#.........>#
#####...####
##.##
#(#########
#........[+
#######..##
# #.## .#
#.###..#...
#.@zzz.'.._
#.###..#...
#.# .#' #.#
# #.# #.#
#.. ###


You could see 3 wights.

Vanquished Creatures
  A two-headed ogre (D:6)
  A boulder beetle (D:6)
  Maggie (D:6)
  Prince Ribbit (D:7)
  2 steam dragons
  Duvessa (D:6)
  A water moccasin (D:7)
  An ice beast (D:6)
  2 black bears
  An ogre (D:4)
  3 centaurs
  3 kobold brigands
  A gnoll sergeant (D:7)
  4 scorpions
  4 wights
  Dowan (D:6)
  2 hounds (D:6)
  A jelly (D:7)
  3 orc priests
  2 iguanas
  A sleepcap (D:6)
  4 orc wizards
  7 gnolls
  8 adders
  A white imp (D:7)
  3 ufetubi
  2 worms
  2 dart slugs
  22 orcs
  2 bats
  10 endoplasms
  6 giant cockroaches
  11 goblins
  6 hobgoblins
  7 jackals
  12 kobolds
  5 quokkas
  9 ball pythons
  5 frilled lizards
  7 rats
166 creatures vanquished.

Notes
Turn   | Place    | Note
-------+----------+-------------------------------------------
     0 | D:1      | Midn8 the Naga Hexslinger began the quest for the Orb.
     0 | D:1      | Reached XP level 1. HP: 18/18 MP: 2/2
   111 | D:1      | Reached skill level 1 in Stealth
   201 | D:1      | Reached XP level 2. HP: 21/25 MP: 3/3
   402 | D:1      | Got the Commentary on Burnt Execration
   722 | D:2      | Reached skill level 2 in Ranged Weapons
   722 | D:2      | Reached XP level 3. HP: 31/31 MP: 2/4
  1071 | D:2      | Reached XP level 4. HP: 26/38 MP: 5/5
  1146 | D:2      | Reached skill level 3 in Ranged Weapons
  2407 | D:4      | Noticed a phantom
  2428 | D:4      | Found Upnov's Weapon Shoppe.
  2448 | D:4      | Found a burning altar of Makhleb.
  2462 | D:4      | Reached XP level 5. HP: 44/44 MP: 6/6
  2470 | D:4      | Became a worshipper of Makhleb the Destroyer
  2541 | D:4      | Reached skill level 4 in Ranged Weapons
  2807 | D:4      | Reached skill level 5 in Ranged Weapons
  2807 | D:4      | Reached XP level 6. HP: 51/51 MP: 7/7
  3207 | D:4      | Found a stormy altar of Qazlal.
  3215 | D:4      | Reached skill level 6 in Ranged Weapons
  3215 | D:4      | Reached XP level 7. HP: 60/60 MP: 8/8
  3329 | D:5      | Entered Level 5 of the Dungeon
  3503 | D:5      | Found an ancient bone altar of Kikubaaqudgha.
  3515 | D:5      | Reached * piety under Makhleb
  4401 | D:5      | Reached skill level 7 in Ranged Weapons
  4495 | D:6      | Noticed a boulder beetle
  4599 | D:6      | Reached XP level 8. HP: 69/69 MP: 9/9
  4653 | D:6      | Identified the +1 leather armour of Juxo {rN+ SInv}
  4929 | D:6      | Reached skill level 8 in Ranged Weapons
  5006 | D:6      | Found a staircase to the Ecumenical Temple.
  5010 | D:6      | Noticed Duvessa
  5014 | D:6      | Noticed Dowan
  5016 | D:6      | Killed Duvessa
  5017 | D:6      | Reached skill level 5 in Fighting
  5033 | D:6      | Killed Dowan
  5068 | D:6      | Learned a level 4 spell: Cause Fear
  5080 | D:6      | Noticed Maggie
  5092 | D:6      | Killed Maggie
  5093 | D:6      | Reached XP level 9. HP: 81/81 MP: 11/13
  5188 | D:6      | Reached skill level 5 in Hexes
  5294 | D:6      | Killed a boulder beetle
  5294 | D:6      | Reached ** piety under Makhleb
  5504 | D:6      | Found a blossoming altar of Fedhas.
  5584 | D:6      | Noticed a two-headed ogre
  5599 | D:6      | Killed a two-headed ogre
  6035 | D:7      | Noticed a walking earthen tome
  6037 | D:7      | Found Zoamoyst's Book Emporium.
  6039 | D:7      | Noticed a walking crystal tome
  6096 | D:7      | Reached skill level 9 in Ranged Weapons
  6096 | D:7      | Reached XP level 10. HP: 45/85 MP: 14/14
  6297 | D:7      | Found an opulent altar of Gozag.
  6363 | D:7      | Noticed Prince Ribbit
  6377 | D:7      | Killed Prince Ribbit
  6522 | D:7      | Found a shimmering altar of Xom.
  6591 | D:7      | Reached skill level 10 in Ranged Weapons
  6815 | D:7      | Found a snail-covered altar of Cheibriados.
  7068 | D:8      | Found a radiant altar of Vehumet.
  7086 | D:8      | HP: 3/80 [wight/+0 scimitar (5)]
  7086 | D:8      | Mangled by a wight

Illustrated notes

Levels and vault maps discovered:
D:1:      psy_arrival_conway, layout_basic, st_stairs_2,
          minmay_tree_intersection
D:2:      layout_basic
D:3:      layout_basic
D:4:      layout_loops_ring, nicolae_qazlal_scattered_showers,
          mainiacjoe_overflow_chevrons, serial_shops,
          nicolae_shop_advertising_works [nicolae_subvault_shop_adworks],
          grunt_ministairs_12, minmay_checkerbox
D:5:      layout_loops_corners, nicolae_kikubaaqudgha_miasma_corner
D:6:      layout_basic, fedhas_altar_4, temple_fountains, uniq_duvessa,
          uniq_maggie
D:7:      layout_loops_ring, nicolae_gozag_seed_capital, lemuel_doored_altar,
          nicolae_overflow_crystal_walls, serial_shops, nicolae_shop_mannequins,
          uniq_prince_ribbit1
D:8:      layout_loops_ring, mainiacjoe_overflow_24_doors,
          nicolae_tso_swordbearing_angel, bh_walls_and_bars

Skill      XL: |  1  2  3  4  5  6  7  8  9 10 |
---------------+-------------------------------+-----
Stealth        | 2 4 |  4.0
Ranged Weapons | 2 3 5 6 7 8 9 10 | 10.0
Fighting       | 2 3 5 |  5.2
Spellcasting   | 3 |  3.0
Hexes          | 4 8 |  8.0
Dodging        | |  1.5
Invocations    | |  0.7

Action                     |  1- 3 |  4- 6 |  7- 9 | 10-12 || total
---------------------------+-------+-------+-------+-------++-------
   Fire: Sling             |    80 |   137 |       |       ||   217
         Shortbow          |       |    12 |   222 |   109 ||   343
   Cast: Slow              |     8 |    13 |    13 |       ||    34
Ability: Spit Poison       |    14 |    29 |    16 |     5 ||    64
  Evoke: Wand              |       |       |     2 |     4 ||     6
    Use: Scroll            |       |     5 |     3 |     2 ||    10
         Potion            |       |     1 |       |       ||     1
 Armour: Robe              |    14 |    17 |    13 |       ||    44
         Leather armour    |       |       |    15 |       ||    15
         Acid dragon scale |       |       |    11 |     8 ||    19
  Dodge: Dodged            |    34 |    45 |    63 |    20 ||   162

Table legend: (Time is in decaauts)
 A = Elapsed time spent in this place.
 B = Non-inter-level travel time spent in this place.
 C = Inter-level travel time spent in this place.
 D = Time resting spent in this place.
 E = Time spent auto-exploring this place.
 F = Levels seen in this place.
 G = Mean time per level.
                   A        B        C        D        E       F      G
               +--------+--------+--------+--------+--------+-----+--------+
         Total |   9014 |   8564 |    450 |   1557 |   5149 |   8 | 1126.8 |
       Dungeon |   9014 |   8564 |    450 |   1557 |   5149 |   8 | 1126.8 |
               +--------+--------+--------+--------+--------+-----+--------+

Top non-repeatable levels by time:
     D:6: 1622 daAuts
     D:5: 1584 daAuts
     D:4: 1383 daAuts
     D:7: 1362 daAuts
     D:2: 1196 daAuts
     D:1: 911 daAuts
     D:3: 888 daAuts
     D:8: 64 daAuts
